 Dungeon Crawl Stone Soup version 0.29.1-15-g9cfb28693d (webtiles) character file.

Game seed: 2352994213994497247

104 Anriel the Covered (level 5, -2/41 HPs)
             Began as a Human Fighter on Mar 29, 2023.
             Slain by a gnoll
             ... wielding a +0 whip
              (6 damage)
             ... on level 2 of the Dungeon.
             The game lasted 00:04:46 (1486 turns).

Anriel the Covered (Human Fighter)                  Turns: 1486, Time: 00:04:47

Health: -2/41      AC:  7    Str: 17    XL:     5   Next: 7%
Magic:  5/5        EV:  9    Int:  8    God:
Gold:   94         SH:  5    Dex: 14    Spells: 4/4 levels left

rFire   . . .      SeeInvis .   a - +0 long sword
rCold   . . .      Faith    .   c - +0 buckler
rNeg    . . .      Spirit   .   b - +0 scale mail
rPois   .          Reflect  .   (no helmet)
rElec   .          Harm     .   (no cloak)
rCorr   .          Rampage  .   (no gloves)
Will    .....                   (no boots)
Stlth   ..........              (no amulet)
HPRegen 0.13/turn               (no ring)
MPRegen 0.09/turn               (no ring)

@: mighty, silenced
A: no striking features
a: no special abilities


You were on level 2 of the Dungeon.
You visited 1 branch of the dungeon, and saw 2 of its levels.

You collected 94 gold pieces.

Inventory:

Hand Weapons
 a - a +0 long sword (weapon)
Missiles
 j - 6 curare-tipped darts (quivered)
Armour
 b - a +0 scale mail (worn)
 c - a +0 buckler (worn)
Potions
 e - a potion of resistance
 g - a potion of flight {unknown}
 h - a potion of mutation


   Skills:
 + Level 3.5 Fighting
 * Level 3.3 Long Blades
 * Level 4.1 Armour
 - Level 3.0 Shields


You had 4 spell levels left.
You didn't know any spells.
Your spell library contained the following spells:

 Spells                   Type           Power      Damage    Failure   Level
 Iskenderun's Battlesphe  Conj           0%         2d6       100%        5
 Iron Shot                Conj/Erth      0%         9d1       100%        6
 Spellforged Servitor     Conj/Summ      0%         N/A       100%        7


Dungeon Overview and Level Annotations

Branches:
Dungeon (2/15)

Altars:


Message History

The gnoll hits you with a +0 club.
A gnoll comes into view. It is wielding a +0 whip.
You closely miss the gnoll.
The gnoll is moderately wounded.
The gnoll shouts!
A gnoll comes into view. It is wielding a +0 spear.
You closely miss the gnoll. The gnoll hits you with a +0 club.
* * * LOW HITPOINT WARNING * * *
The gnoll attacks as you move away! The gnoll hits you but does no damage.
The gnoll attacks as you move away! The gnoll hits you with a +0 club.
* * * LOW HITPOINT WARNING * * *
You feel much better. You block the gnoll's attack.
You closely miss the gnoll. The gnoll closely misses you.
You hit the gnoll.
The gnoll is moderately wounded.
The gnoll hits you with a +0 club.
You slash the gnoll!
The gnoll is almost dead.
The gnoll closely misses you. The gnoll hits you with a +0 club.
You hit the gnoll.
You kill the gnoll!
You slash the gnoll!
You kill the gnoll!
The gnoll hits you but does no damage. The gnoll hits you with a +0 whip.
* * * LOW HITPOINT WARNING * * *
You have reached level 5!
The gnoll attacks as you move away! The gnoll hits you but does no damage.
As you read the scroll labelled DITAIRH GOMEM, it crumbles to dust.
A profound silence engulfs you.
It was a scroll of silence.
The gnoll closely misses you. The gnoll hits you but does no damage.
You feel very mighty all of a sudden. The gnoll hits you with a +0 whip.
* * * LOW HITPOINT WARNING * * *
The gnoll barely misses you.
You closely miss the gnoll. The gnoll hits you with a +0 whip.
* * * LOW HITPOINT WARNING * * *
The gnoll hits you from afar with a +0 spear.
* * * LOW HITPOINT WARNING * * *
You closely miss the gnoll. The gnoll hits you with a +0 whip.
You die...

###########.
#....g......
######.#####.....
#....).# ...
#g###### . #g# .#
#@# #.# #.# #.#
#.# #.# #####.#
..# #.....# #.#
#.##### ####.#
#.# #....# #.#
#.##.# #.# #.##.#


You could see 2 gnolls.

Vanquished Creatures
  6 gnolls
  2 adders (D:2)
  A dart slug (D:1)
  2 ball pythons (D:1)
  5 bats
  A goblin (D:2)
  3 hobgoblins
  3 jackals (D:2)
  A quokka (D:1)
  A frilled lizard (D:1)
  3 kobolds (D:1)
  A rat (D:1)
29 creatures vanquished.

Notes
Turn   | Place    | Note
-------+----------+-------------------------------------------
     0 | D:1      | Anriel the Human Fighter began the quest for the Orb.
     0 | D:1      | Reached XP level 1. HP: 18/18 MP: 1/1
    85 | D:1      | Reached XP level 2. HP: 19/24 MP: 2/2
   796 | D:1      | Reached XP level 3. HP: 17/29 MP: 3/3
  1135 | D:2      | Reached XP level 4. HP: 16/35 MP: 4/4
  1454 | D:2      | Reached skill level 4 in Armour
  1478 | D:2      | Reached XP level 5. HP: 12/41 MP: 5/5
  1486 | D:2      | Slain by a gnoll

Illustrated notes

Levels and vault maps discovered:
D:1:      dpeg_arrival_yet_another_circle, layout_basic
D:2:      layout_loops_ring

Skill      XL: |  1  2  3  4 |
---------------+-------------+-----
Long Blades    | 3 |  3.3
Armour         | 4 |  4.1
Fighting       | |  3.5
Shields        | |  3.0

Action                   |  1- 3 |  4- 6 || total
-------------------------+-------+-------++-------
Melee: Long sword        |    56 |    46 ||   102
  Use: Scroll            |     3 |     3 ||     6
       Potion            |       |     2 ||     2
Armor: Scale mail        |    21 |    23 ||    44
Dodge: Dodged            |    29 |    19 ||    48
Block: Buckler           |    13 |     5 ||    18
